 Dungeon Crawl Stone Soup version 0.22-a0-247-gbddf880 (webtiles) character file.

7506 Amnesiac the Prestidigitator (level 10, -2/92 HPs)
             Began as a Deep Dwarf Artificer on Feb 25, 2018.
             Was an Initiate of Gozag.
             Engulfed by a cloud of flame (13 damage)
             ... on level 2 of the Orcish Mines.
             The game lasted 00:40:35 (10176 turns).

Amnesiac the Prestidigitator (DDAr)                Turns: 10176, Time: 00:40:36

Health: -2/92      AC: 21    Str: 19    XL:     10   Next: 95%
Magic:  20/20      EV:  9    Int: 18    God:    Gozag
Gold:   1356       SH:  0    Dex: 13    Spells: 7/9 levels left

rFire    . . .     SeeInvis .   a - +2 dagger (drain)
rCold    . . .     Gourm    .   (no shield)
rNeg     . . .     Faith    .   i - +0 plate armour
rPois    .         Spirit   .   B - +0 helmet
rElec    .         Reflect  .   y - +2 cloak {MR+}
rCorr    .         Harm     .   h - +0 pair of gloves
MR       ++...                  s - +0 pair of boots
Stlth    ..........             (no amulet)
HPRegen  0.00/turn              r - +6 ring of intelligence
MPRegen  0.17/turn              L - +2 ring of slaying

@: gold aura, non-regenerating
A: damage resistance, heal wounds, sense surroundings 2, no regeneration
a: Heal Wounds, Potion Petition, Call Merchant, Bribe Branch, Renounce Religion


You were on level 2 of the Orcish Mines.
You worshipped Gozag.
Gozag was most pleased with you.
You were not hungry.

You visited 2 branches of the dungeon, and saw 11 of its levels.
You also visited: Sewer.

You collected 2668 gold pieces.
You spent 624 gold pieces at shops.
You paid 688 gold pieces to Gozag.

Inventory:

Hand Weapons
 a - a +2 dagger of draining (weapon)
 z - a +2 quarterstaff of chaos
 A - a +0 hunting sling
 C - a +0 dire flail of protection
Missiles
 l - 20 tomahawks (quivered)
 K - 2 needles of confusion
Armour
 h - a +0 pair of gloves (worn)
 i - a +0 plate armour (worn)
 s - a +0 pair of boots (worn)
 y - a +2 cloak of magic resistance (worn)
 B - a +0 helmet (worn)
Magical Staves
 e - an uncursed staff of air
Jewellery
 r - a +6 ring of intelligence (left hand)
 u - an uncursed ring of poison resistance
 L - a +2 ring of slaying (right hand)
Wands
 E - a wand of acid (6)
Scrolls
 b - a scroll of enchant armour {!r, unknown}
 c - 3 scrolls of magic mapping {!r, unknown}
 g - a scroll of fear {!r}
 j - 4 scrolls of noise {!r}
 k - 8 scrolls of teleportation {!r}
 m - a scroll of fog {!r}
 o - 3 scrolls of identify {!r}
 w - a scroll of amnesia {!r, unknown}
 D - 2 scrolls of immolation {!r}
Potions
 n - 5 potions of flight {!q}
 p - 2 potions of might {!q}
 v - a potion of brilliance {!q}
 x - 3 potions of agility {!q}
 G - 2 potions of lignification {!q}
 H - a potion of berserk rage {!q}
 I - a potion of magic {!q}
 J - 2 potions of mutation {!q}
Miscellaneous
 q - a crystal ball of energy
Comestibles
 f - a ration


   Skills:
 + Level 6.6 Fighting
 - Level 2.0 Short Blades
 + Level 8.1 Armour
 + Level 8.2 Dodging
 - Level 2.0 Stealth
 * Level 14.0 Evocations


You had 7 spell levels left.
You knew the following spells:

 Your Spells              Type           Power        Failure   Level  Hunger
a - Apportation           Tloc           #.....       99%         1    ##.....
z - Confusing Touch       Hex            #.....       99%         1    ##.....


Dungeon Overview and Level Annotations

Branches:
Dungeon (9/15)             Temple (0/1) D:6             Orc (2/2) D:9
    Elf (0/3) Orc:2
   Lair: D:8-11

Altars:
Ashenzari
Dithmenos
Fedhas
Gozag
Okawaru
Sif Muna
Trog
Vehumet
Xom
Yredelemnul
Zin
The Shining One

Shops:
D:8 !

Annotations:
D:7 1 exclusion


Innate Abilities, Weirdness & Mutations

You are resistant to damage.
You can heal yourself by infusing magical energy.
You passively map the area around you.
You do not regenerate.


Message History

Aim: an orc warrior, wielding a war axe and wearing a plate armour (chance to defeat MR: 78%)
The orc warrior is charmed.
The orc warrior closely misses your orc warrior.
Something hits your orc warrior.
The orc warrior hits your orc warrior with a long sword!
Something hits your orc warrior but does no damage.
Something barely misses your orc warrior.
The orc warrior hits your orc warrior with a long sword.
The orc wizard gestures wildly while chanting.
The orc wizard blinks!
Something hits your orc warrior but does no damage. x2
The orc warrior hits your orc warrior with a long sword.
Something barely misses your orc warrior.
Reactivating autopickup.
You feel a bit more experienced.
The orc is distracted by the nearby gold.
The orc shouts!
The orc warrior hits your orc warrior with a long sword!
Your orc warrior dies!
The orc warrior looks more experienced.
Evoke which item? (* to show all) (? for menu, Esc to quit)
Aiming: Enslavement
Press: ? - help, Shift-Dir - straight line, f - orc warrior
Aim: an orc warrior, wielding a scimitar and wearing a chain mail (chance to defeat MR: 78%)
The orc warrior barely resists.
The now-empty wand crumbles to dust.
Okay, then.
Really read
D - 3 scrolls labeled PENISOROET {!r}?
As you read the scroll labeled PENISOROET {!r}, it crumbles to dust.
The creatures around you are filled with an inner flame!
It was a scroll of immolation {!r}.
The orc wizard is distracted by the nearby gold.
Evoke which item? (* to show all) (? for menu, Esc to quit)
Aiming: Corrosive Bolt
Press: ? - help, Shift-Dir - straight line, f/p - orc warrior
Aim: an orc warrior, wielding a scimitar and wearing a chain mail (inner flame)
The bolt of acid hits the orc warrior.
The orc warrior is splashed with acid.
The acid corrodes the orc warrior!
The orc warrior is almost dead.
The bolt of acid misses the orc warrior.
The bolt of acid hits the orc.
The orc is splashed with acid.
The acid corrodes the orc!
The orc explodes!
The fiery explosion engulfs the troll.
The troll explodes!
The fiery explosion engulfs the orc warrior.
The orc warrior explodes!
The fiery explosion engulfs you!
* * * LOW HITPOINT WARNING * * *
The fiery explosion engulfs the orc warrior.
The orc warrior is almost dead.
Your Evocations skill increases to level 14!
The fiery explosion engulfs the orc warrior.
The orc warrior explodes!
The fiery explosion engulfs the orc.
The orc explodes!
The fiery explosion engulfs the orc wizard.
The orc wizard explodes!
The fiery explosion engulfs the orc wizard.
The orc wizard explodes!
The fiery explosion engulfs the orc.
The orc explodes!
You are engulfed in blazing flames.
You die...
Your body crumbles into a pile of gold.

, , ,, , , , ,, * , .8#
,, ,, . ,#.....#.## ∩* ,
$.#### *.....#..####.., ,
* ,,......#
#.............. .......*
#.§...........o *
,.......*##§§§§..o.......
*
.......##§§§§§..........
.......@§§§§§§..........
,
.......##§§§§...........
* #....##
##§§..$......... * ##.#
##$............ # *
##$.$#........
##<.#.#...#.#.
#..........##*
##..........#,
#...........#


There were no monsters in sight!

Vanquished Creatures
  A two-headed ogre (D:8)
  A deep elf mage (D:7)
  Psyche (D:8)
  A gargoyle (D:6)
  2 trolls
  A hornet (shapeshifter) (D:9)
  A hippogriff (D:8)
  Grinder (D:5)
  6 orc warriors
  Menkaure (D:6)
  2 hungry ghosts
  A warg (Orc:1)
  Edmund (D:6)
  A necrophage (D:8)
  An ice beast (D:8)
  A phantom (D:9)
  10 ogres
  3 sky beasts
  An eye of draining (D:9)
  3 centaurs
  4 bullfrogs
  8 wights
  A howler monkey (D:5)
  2 crimson imps
  6 hounds
  Crazy Yiuf (D:5)
  A bullfrog skeleton (D:8)
  5 orc priests
  6 orc wizards
  An iguana (D:9)
  4 worker ants
  9 gnolls
  7 adders
  6 oozes
  6 worms
  3 dart slugs
  10 leopard geckos
  35 orcs
  6 ball pythons
  13 bats
  7 giant cockroaches
  7 goblins
  6 hobgoblins
  7 jackals
  9 kobolds
  4 quokkas
  5 frilled lizards
  A quokka skeleton (D:6)
  6 rats
  A fungus (D:5)
227 creatures vanquished.

Vanquished Creatures (collateral kills)
  A hungry ghost (D:9)
  2 orc warriors
  A bullfrog zombie (D:6)
  3 orc wizards
  A gnoll (D:3)
  A worm (Sewer)
  3 orcs
  A ball python (D:3)
  A rat (D:3)
14 creatures vanquished.

Vanquished Creatures (others)
  2 orc warriors
  A gnoll (D:3)
  An adder (D:3)
  A worm (Sewer)
5 creatures vanquished.

Grand Total: 246 creatures vanquished

Notes
Turn   | Place    | Note
-------+----------+-------------------------------------------
     0 | D:1      | Amnesiac the Deep Dwarf Artificer began the quest for the Orb.
     0 | D:1      | Reached XP level 1. HP: 16/16 MP: 3/3
     9 | D:1      | Reached skill level 1 in Short Blades
    79 | D:2      | Reached skill level 1 in Fighting
   195 | D:2      | Reached XP level 2. HP: 23/25 MP: 5/5
   216 | D:2      | Found a radiant altar of Vehumet.
   216 | D:2      | Found a faded altar of an unknown god.
   222 | D:2      | Found an iron altar of Okawaru.
   224 | D:2      | Found a faded altar of an unknown god.
   225 | D:2      | Found an opulent altar of Gozag.
   518 | D:2      | Became a worshipper of Gozag Ym Sagoz the Greedy
   982 | D:1      | Reached XP level 3. HP: 9/31 MP: 6/6
  1226 | D:2      | Reached skill level 5 in Evocations
  1593 | D:2      | Found a bloodstained altar of Trog.
  2199 | D:2      | Reached XP level 4. HP: 20/38 MP: 6/8
  2293 | D:3      | Reached skill level 6 in Evocations
  2448 | D:3      | Found a faded altar of an unknown god.
  2566 | D:3      | Found a glowing drain.
  2608 | Sewer    | Entered a sewer
  2620 | Sewer    | Reached skill level 1 in Armour
  2764 | Sewer    | Reached XP level 5. HP: 7/44 MP: 9/9
  4110 | D:4      | Noticed an ogre
  4155 | D:4      | Killed an ogre
  4155 | D:4      | Reached skill level 7 in Evocations
  4155 | D:4      | Reached XP level 6. HP: 21/52 MP: 11/11
  4598 | D:5      | Entered Level 5 of the Dungeon
  4605 | D:5      | Found a shadowy altar of Dithmenos.
  4894 | D:5      | Found a basalt altar of Yredelemnul.
  5396 | D:5      | Reached XP level 7. HP: 36/60 MP: 12/12
  5513 | D:5      | Found a deep blue altar of Sif Muna.
  5534 | D:5      | Noticed Grinder
  5545 | D:5      | Killed Grinder
  5545 | D:5      | Reached skill level 8 in Evocations
  5841 | D:5      | Found a runed door.
  5846 | D:5      | Noticed Crazy Yiuf
  5847 | D:5      | Killed Crazy Yiuf
  5890 | D:6      | Reached skill level 9 in Evocations
  5920 | D:6      | Reached XP level 8. HP: 41/69 MP: 14/14
  6044 | D:6      | Found a glowing golden altar of the Shining One.
  6048 | D:6      | Noticed a gargoyle
  6050 | D:6      | Found a transporter.
  6058 | D:6      | Found a transporter.
  6160 | D:6      | Noticed Edmund
  6188 | D:6      | Killed Edmund
  6230 | D:6      | Found a staircase to the Ecumenical Temple.
  6261 | D:6      | Noticed Menkaure
  6412 | D:6      | Killed Menkaure
  6412 | D:6      | Reached skill level 5 in Dodging
  6412 | D:6      | Reached skill level 10 in Evocations
  6468 | D:6      | Reached skill level 5 in Armour
  6631 | D:6      | Killed a gargoyle
  6631 | D:6      | Gained mutation: You passively map the area around you. [Deep Dwarf growth]
  6631 | D:6      | Reached XP level 9. HP: 19/78 MP: 15/17
  6769 | D:6      | Reached skill level 11 in Evocations
  7182 | D:7      | Found a blossoming altar of Fedhas.
  7277 | D:7      | HP: 2/79 [acid (13)]
  7298 | D:7      | Noticed a deep elf mage
  7311 | D:7      | Killed a deep elf mage
  7311 | D:7      | Reached skill level 5 in Fighting
  7516 | D:8      | Reached skill level 12 in Evocations
  7609 | D:8      | HP: 3/81 [shot self (28)]
  7615 | D:8      | Bought a potion of heal wounds for 65 gold pieces
  7615 | D:8      | Bought a potion of heal wounds for 65 gold pieces
  7616 | D:8      | Bought a potion of ambrosia for 104 gold pieces
  7616 | D:8      | Bought a potion of ambrosia for 104 gold pieces
  7616 | D:8      | Bought a potion of curing for 39 gold pieces
  7616 | D:8      | Bought a potion of curing for 39 gold pieces
  7616 | D:8      | Bought a potion of lignification for 39 gold pieces
  7616 | D:8      | Bought a potion of berserk rage for 65 gold pieces
  7616 | D:8      | Bought a potion of magic for 104 gold pieces
  7665 | D:8      | Noticed a two-headed ogre
  7690 | D:8      | Found a shattered altar of Ashenzari.
  7702 | D:8      | Killed a two-headed ogre
  7702 | D:8      | Reached XP level 10. HP: 90/90 MP: 19/19
  7717 | D:8      | Found a shimmering altar of Xom.
  7717 | D:8      | Found a glowing silver altar of Zin.
  7717 | D:8      | Noticed an angel
  7964 | D:8      | Noticed Psyche
  7966 | D:8      | Killed Psyche
  7966 | D:8      | Reached skill level 13 in Evocations
  8203 | D:8      | Learned a level 1 spell: Apportation
  8205 | D:8      | Learned a level 1 spell: Confusing Touch
  8522 | D:9      | Found a staircase to the Orcish Mines.
  8846 | D:9      | Noticed a two-headed ogre
  8979 | D:9      | Paralysed by a hornet for 1 turns
  9469 | Orc:1    | Entered Level 1 of the Orcish Mines
 10147 | Orc:2    | Entered Level 2 of the Orcish Mines
 10176 | Orc:2    | Reached skill level 14 in Evocations
 10176 | Orc:2    | Engulfed by a cloud of flame

Vault maps used:
D:1:      dpeg_arrival_prison, minmay_unequal
D:2:      nicolae_overflow_hidden_temple, chequers_temple_overflow_minitemple
D:3:      chequers_ecumenical_altar_island, cheibrodos_sewer_entry_drain,
          minmay_strange_pillars
D:4:      kennysheep_small_circle
D:5:      kennysheep_little_box, grunt_temple_overflow_open, first_ration,
          uniq_crazy_yiuf_cottage, uniq_grinder
D:6:      gammafunk_temple_overflow_arena, minmay_temple_entry_enclosed_plants,
          uniq_menkaure, uniq_edmund
D:7:      fedhas_altar_fruit_tree, grunt_ogre_cave, guppyfry_early_elven_hall
D:8:      grunt_temple_overflow_order_and_chaos_1, marbit_many_paths,
          kennysheep_generic_room_7, uniq_psyche
D:9:      orc_0_dummy
Orc:2:    grunt_orc_cross, basic_altar, lab_entry_generic, minmay_orc_temple_a
Sewer:    sewer_fruit_machine

Skill      XL: |  1  2  3  4  5  6  7  8  9 10 |
---------------+-------------------------------+-----
Short Blades   | 1 2 |  2.0
Fighting       | 1 2 3 4 5 6 |  6.6
Stealth        | 2 |  2.0
Evocations     | 5 6 7 9 10 12 14 | 14.0
Armour         | 1 2 3 4 5 7 8 |  8.1
Dodging        | 3 4 5 7 8 |  8.2

Action                   |  1- 3 |  4- 6 |  7- 9 | 10-12 || total
-------------------------+-------+-------+-------+-------++-------
Melee: Short sword       |   204 |   325 |       |       ||   529
       Dagger            |       |   116 |   239 |   206 ||   561
       Mace              |       |     9 |       |       ||     9
       Dire flail        |       |       |     4 |       ||     4
       Quarterstaff      |       |       |    31 |    63 ||    94
       Staff             |       |       |       |    33 ||    33
Throw: Tomahawk          |       |       |     5 |     6 ||    11
Invok: Potion Petition   |       |       |     1 |       ||     1
       Call Merchant     |       |       |     1 |       ||     1
 Abil: Heal Wounds       |       |     1 |       |     1 ||     2
Evoke: Wand              |     2 |    26 |    46 |    25 ||    99
  Use: Scroll            |     3 |     5 |       |     2 ||    10
       Potion            |     2 |     7 |     5 |     4 ||    18
 Stab: Sleeping          |     1 |       |       |       ||     1
       Distracted        |     1 |     3 |       |       ||     4
       Paralysed         |       |       |     3 |       ||     3
       Petrified         |       |       |       |     7 ||     7
  Eat: Ration            |     1 |     4 |     4 |     3 ||    12
Armor: Plate armour      |   313 |   519 |   151 |   240 ||  1223
       Leather armour    |     4 |       |       |       ||     4
Dodge: Dodged            |    93 |   196 |    91 |   136 ||   516

Table legend:
 A = Spawn XP
 B = Non-spawn XP
 C = Spawn XP percentage of total XP
 D = Spawn monster count
 E = Non-spawn monster count
 F = Spawn count percentage of total count
 G = Total turns spent on level
                    A         B        C        D         E        F      G
               +---------+---------+-------+---------+---------+-------+---------
         Total |       0 |   10723 |   0.0 |       0 |     240 |   0.0 | 10176
               +---------+---------+-------+---------+---------+-------+---------
           D:1 |       0 |      32 |   0.0 |       0 |      19 |   0.0 |   857
           D:2 |       0 |      91 |   0.0 |       0 |      21 |   0.0 |  1397
           D:3 |       0 |     142 |   0.0 |       0 |      34 |   0.0 |   998
           D:4 |       0 |     262 |   0.0 |       0 |      18 |   0.0 |  1224
           D:5 |       0 |     774 |   0.0 |       0 |      12 |   0.0 |   671
           D:6 |       0 |    1679 |   0.0 |       0 |      21 |   0.0 |   823
           D:7 |       0 |    1326 |   0.0 |       0 |      19 |   0.0 |   735
           D:8 |       0 |    3088 |   0.0 |       0 |      27 |   0.0 |   784
           D:9 |       0 |    1657 |   0.0 |       0 |      19 |   0.0 |  1234
         Orc:1 |       0 |     890 |   0.0 |       0 |      19 |   0.0 |   650
         Orc:2 |       0 |     722 |   0.0 |       0 |       9 |   0.0 |    29
         Sewer |       0 |      60 |   0.0 |       0 |      22 |   0.0 |   774
               +---------+---------+-------+---------+---------+-------+---------
